 Dungeon Crawl Stone Soup version 0.30-a0-1160-g6e42c06551 (webtiles) character file.

Game seed: 8243996909020961728

1341 Anamonty the Tainter (level 8, -2/51 HPs)
             Began as an Octopode Venom Mage on Apr 26, 2023.
             Splashed by a jelly's acid (8 damage)
             ... on level 7 of the Dungeon.
             The game lasted 00:08:32 (6553 turns).

Anamonty the Tainter (Octopode Venom Mage)          Turns: 6553, Time: 00:08:33

Health: -2/51      AC: -7    Str:  9    XL:     8   Next: 62%
Magic:  14/16      EV: 15    Int: 17    God:
Gold:   109        SH:  0    Dex: 13    Spells: 4/16 levels left

rFire   . . .        c - +2 short sword (venom)
rCold   . . .        (no shield)
rNeg    . . .        (helmet restricted)
rPois   .            (no amulet)
rElec   .            (no ring)
rCorr   .            (no ring)
SInv    .            (no ring)
Will    .....        (no ring)
Stlth   +++          (no ring)
HPRegen 0.28/turn    (no ring)
MPRegen 0.15/turn    (no ring)
                     (no ring)

%: no passive effects
@: corroded
A: almost no armour, amphibious, 8 rings, camouflage 1, gelatinous body 1,
(nimble swimmer 1), tentacles, tentacle spike 1, high MP 1
a: no special abilities


You were on level 7 of the Dungeon.
You visited 2 branches of the dungeon, and saw 8 of its levels.

You collected 355 gold pieces.
You spent 246 gold pieces at shops.

Inventory:

Hand Weapons
 c - a +2 short sword of venom (weapon)
 f - a +1 short sword of speed
 s - the +8 flail "Nura Paj" {freeze, Str+3 Stlth+}
   (You bought it in a shop on level 7 of the Dungeon)

   Str:       It affects your strength (+3).
   Stlth:     It makes you more stealthy.
Jewellery
 h - a ring of ice
Scrolls
 b - a scroll of identify
 g - a scroll of fear
 i - 4 scrolls of noise
 j - a scroll of enchant armour {unknown}
 k - a scroll of blinking {unknown}
 l - a scroll of immolation {unknown}
 n - 3 scrolls of teleportation
 q - a scroll of torment {unknown}
Potions
 a - a potion of magic
 d - 2 potions of might
 e - 2 potions of cancellation
 m - 2 potions of ambrosia
 o - 3 potions of heal wounds
 p - a potion of lignification
 r - a potion of mutation


   Skills:
 + Level 2.3 Fighting
 + Level 5.1 Dodging
 - Level 2.6 Stealth
 + Level 2.3 Unarmed Combat
 + Level 4.9 Spellcasting
 + Level 2.6 Transmutations
 - Level 8.0 Poison Magic


You had 4 spell levels left.
You knew the following spells:

 Your Spells              Type           Power      Damage    Failure   Level
a - Sting                 Tmut/Pois      88%        1d7       1%          1
b - Olgreb's Toxic Radia  Pois           31%        N/A       5%          4
c - Mephitic Cloud        Conj/Pois/Air  13%        N/A       14%         3
d - Ice Form              Ice/Tmut       8%         N/A       63%         4

Your spell library contained the following spells:

 Spells                   Type           Power      Damage    Failure   Level
 Poisonous Vapours        Pois/Air       34%        N/A       4%          2
 Passwall                 Tmut/Erth      6%         N/A       13%         2
 Sandblast                Erth           8%         2d5       14%         1
 Dazzling Flash           Conj/Hex       8%         N/A       41%         3
 Gell's Gravitas          Tloc           4%         N/A       41%         3
 Hailstorm                Conj/Ice       4%         3d4       41%         3
 Stone Arrow              Conj/Erth      8%         3d7       41%         3
 Teleport Other           Tloc           4%         N/A       41%         3
 Volatile Blastmotes      Fire/Tloc      8%         2d10      41%         3
 Iskenderun's Mystic Bla  Conj/Tloc      4%         2d3       82%         4
 Blade Hands              Tmut           6%         N/A       80%         5
 Dispersal                Tloc           2%         N/A       100%        6
 Iron Shot                Conj/Erth      2%         9d2       100%        6
 Simulacrum               Ice/Necr       2%         N/A       100%        6
 Starburst                Conj/Fire      2%         6d3       100%        6
 Animate Armour           Summ/Erth      Unusable   N/A       N/A         4

Dungeon Overview and Level Annotations

Branches:
Dungeon (7/15)             Temple (1/1) D:5

Altars:
Ashenzari
Cheibriados
Dithmenos
Elyvilon
Fedhas
Gozag
Hepliaklqana
Kikubaaqudgha
Makhleb
Nemelex Xobeh
Okawaru
Qazlal
Ru
Sif Muna
Trog
Uskayaw
Vehumet
Wu Jian
Xom
Yredelemnul
The Shining One

Shops:
D:4 [   D:7 (

Annotations:
D:5 1 runed translucent door, fly's ghost, weakling DgDe
D:6 Prince Ribbit


Innate Abilities, Weirdness & Mutations

You cannot wear most types of armour.
You are amphibious.
You can wear up to eight rings at the same time.
Your skin changes colour to match your surroundings (Stealth+).
Your rubbery body absorbs attacks. (AC +1, EV +1)
((You are camouflaged when in or above water. (Stealth+)))
You have tentacles for arms and can constrict up to eight enemies at once.
One of your tentacles bears a spike.
You have an increased reservoir of magic. (+10% MP)


Message History

The jelly is severely wounded.
A jelly comes into view.
The jelly hits you.
You are splashed with acid!
You hit the jelly. The acid corrodes you!
Your tentacles burn!
The jelly is almost dead.
The jelly closely misses you.
You hit the jelly.
You kill the jelly!
You hit the jelly but do no damage.
Your tentacles burn!
The endoplasm closely misses you. The jelly barely misses you.
You hit the jelly but do no damage.
Your tentacles burn!
The endoplasm freezes you.
You are frozen.
The jelly hits you.
You are splashed with acid!
You barely miss the jelly.
You pierce the jelly.
The jelly is lightly wounded.
The endoplasm misses you. The jelly misses you.
Unknown command.
The jelly attacks as you move away! The jelly closely misses you.
The endoplasm hits you. The jelly attacks as you move away!
The jelly barely misses you.
Casting: Sting (safe; 1% risk of failure)
Confirm with . or Enter, or press ? or * to list all spells.
Aiming: Sting (safe; 1% risk of failure)
Press: ? - help, Shift-Dir - straight line, f - jelly
Aim: a jelly (lightly wounded, 100% to hit)
The sting hits the jelly.
The jelly partially resists.
The jelly is moderately wounded.
The jelly hits you.
You are splashed with acid!
* * * LOW HITPOINT WARNING * * *
Casting: Sting (safe; 1% risk of failure)
Confirm with . or Enter, or press ? or * to list all spells.
Aiming: Sting (safe; 1% risk of failure)
Press: ? - help, Shift-Dir - straight line, f/p - jelly
Aim: a jelly (moderately wounded, 100% to hit)
The sting hits the jelly.
The jelly partially resists.
The jelly is poisoned.
The jelly is moderately wounded.
The jelly hits you.
* * * LOW HITPOINT WARNING * * *
The acid corrodes you!
You are splashed with acid!
You die...

.......# #....
###..#.### ##.....
###..##..## .......
#..####..## ##......#
#..# ##..# ##.....$.#
##.## #..## ##..##....#
...## ##..###J.## ...
....# ##.....J## #
.#..## #.......@###
###..####..........##.
.##...##.....#........
..##..........##......#
......................#
..........#............#
........###.........##..
.......## ##.......## ##
......## #..∩...##


You could see a jelly (poisoned) and an endoplasm.

Vanquished Creatures
  Sigmund (D:4)
  A steam dragon (D:6)
  An orc warrior (D:6)
  A black bear (D:4)
  A phantom (D:5)
  A kobold brigand (D:5)
  2 scorpions
  A jelly (D:7)
  4 hounds
  A gnoll bouda (D:6)
  A sleepcap (D:7)
  4 iguanas
  An orc wizard (D:7)
  9 gnolls
  8 adders
  A white imp (D:6)
  3 worms
  10 orcs
  7 ball pythons
  6 endoplasms
  3 giant cockroaches
  8 goblins
  6 hobgoblins
  4 jackals (D:3)
  4 quokkas
  9 bats
  6 frilled lizards
  14 kobolds
  4 rats
122 creatures vanquished.

Vanquished Creatures (others)
  7 fungi (D:7)
  50 plants (D:7)
57 creatures vanquished.

Grand Total: 179 creatures vanquished

Notes
Turn   | Place    | Note
-------+----------+-------------------------------------------
     0 | D:1      | Anamonty the Octopode Venom Mage began the quest for the
                  | Orb.
     0 | D:1      | Reached XP level 1. HP: 11/11 MP: 3/3
   349 | D:1      | Reached skill level 4 in Poison Magic
   349 | D:1      | Reached XP level 2. HP: 9/17 MP: 3/5
   877 | D:2      | Reached XP level 3. HP: 21/21 MP: 6/6
  1097 | D:2      | Found a faded altar of an unknown god.
  1257 | D:2      | Reached XP level 4. HP: 27/27 MP: 7/7
  1809 | D:2      | Reached skill level 5 in Poison Magic
  2032 | D:3      | Learned a level 4 spell: Olgreb's Toxic Radiance
  2141 | D:3      | Gained mutation: You have an increased reservoir of magic.
                  | (+10% MP) [potion of mutation]
  2141 | D:3      | Gained mutation: One of your tentacles bears a spike.
                  | [potion of mutation]
  2142 | D:3      | HP: 1/27 [poisoned by a kobold]
  2310 | D:3      | Found a faded altar of an unknown god.
  2313 | D:3      | Found a basalt altar of Yredelemnul.
  2479 | D:3      | Reached XP level 5. HP: 29/31 MP: 5/10
  2619 | D:4      | Noticed Sigmund
  2657 | D:3      | Learned a level 3 spell: Mephitic Cloud
  2739 | D:4      | Found Byenoc's Armour Shop.
  2754 | D:4      | Noticed a black bear
  2763 | D:4      | Killed a black bear
  2764 | D:4      | Reached skill level 6 in Poison Magic
  2764 | D:4      | Reached XP level 6. HP: 22/36 MP: 2/12
  2864 | D:4      | Killed Sigmund
  3028 | D:4      | Reached skill level 7 in Poison Magic
  3035 | D:4      | Reached XP level 7. HP: 14/41 MP: 4/13
  3599 | D:5      | Entered Level 5 of the Dungeon
  3652 | D:5      | Found a runed translucent door.
  3702 | D:5      | Learned a level 4 spell: Ice Form
  4129 | D:5      | Found a staircase to the Ecumenical Temple.
  4143 | Temple   | Entered the Ecumenical Temple
  4481 | D:5      | Noticed fly's ghost (weakling DgDe)
  4716 | D:6      | Reached skill level 8 in Poison Magic
  4994 | D:6      | Noticed a steam dragon
  5003 | D:6      | Killed a steam dragon
  5004 | D:6      | Reached skill level 1 in Fighting
  5004 | D:6      | Reached skill level 1 in Unarmed Combat
  5004 | D:6      | Reached XP level 8. HP: 48/48 MP: 5/16
  5545 | D:6      | Reached skill level 5 in Dodging
  5810 | D:6      | Found a shimmering blue altar of Sif Muna.
  5897 | D:6      | Noticed Prince Ribbit
  6476 | D:7      | Found Foorosch's Antique Weapon Emporium.
  6494 | D:7      | Bought a shimmering flail for 246 gold pieces
  6494 | D:7      | Identified the +8 flail "Nura Paj" {freeze, Str+3 Stlth+}
                  | (You bought it in a shop on level 7 of the Dungeon)
  6553 | D:7      | Splashed by a jelly's acid

Illustrated notes

Levels and vault maps discovered:
D:1:      lightli_arrival_windingriver, layout_basic, kennysheep_flooded_box,
          corexii_corridor_pit, minmay_pentomino_r2
D:2:      layout_basic, ebering_ecumenical_altar_box, kennysheep_generic_room_4
D:3:      minmay_octagon_keep, layout_rooms, nicolae_overflow_ecumenical_swirl,
          minmay_box_of_dots
D:4:      layout_rooms, serial_shops, nicolae_shop_behind_doors, uniq_sigmund
D:5:      layout_basic, minmay_temple_entry_offerings,
          ebering_ghost_reflecting_pool, nicolae_eternal_life
D:6:      layout_gridville, led_sif_pool, uniq_prince_ribbit1
D:7:      lemuel_slime, layout_layer_cave, zin_scriptorium, serial_shops, shop,
          serial_bayou_lagoon_a, dreamdust_gnoll_farm
Temple:   nicolae_temple_bog_church

Skill      XL: |  1  2  3  4  5  6  7  8 |
---------------+-------------------------+-----
Poison Magic   | 4 5 6 7 8 |  8.0
Dodging        | 3 4 5 |  5.1
Spellcasting   | 3 4 |  4.9
Fighting       | 1 2 |  2.3
Unarmed Combat | 1 2 |  2.3
Transmutations | 2 |  2.6
Stealth        | |  2.6

Action                     |  1- 3 |  4- 6 |  7- 9 || total
---------------------------+-------+-------+-------++-------
  Melee: Unarmed           |    19 |       |       ||    19
         Constrict         |    12 |    19 |    22 ||    53
         Tentacles         |    10 |    14 |    19 ||    43
         Short sword       |    29 |    89 |    96 ||   214
         Punch             |     1 |     1 |       ||     2
         Kick              |       |    11 |    35 ||    46
   Cast: Sting             |    15 |     5 |    13 ||    33
         Olgreb's Toxic Ra |       |     7 |    14 ||    21
         Mephitic Cloud    |       |       |     3 ||     3
    Use: Potion            |       |     6 |       ||     6
         Scroll            |       |       |     6 ||     6
   Stab: Sleeping          |     4 |     9 |     4 ||    17
         Confused          |       |       |     2 ||     2
 Armour: Skin              |     2 |    11 |     3 ||    16
  Dodge: Dodged            |    23 |    53 |    58 ||   134

Table legend: (Time is in decaauts)
 A = Elapsed time spent in this place.
 B = Non-inter-level travel time spent in this place.
 C = Inter-level travel time spent in this place.
 D = Time resting spent in this place.
 E = Time spent auto-exploring this place.
 F = Levels seen in this place.
 G = Mean time per level.
                   A        B        C        D        E       F      G
               +--------+--------+--------+--------+--------+-----+--------+
         Total |   6509 |   6319 |    190 |      0 |   5183 |   8 |  813.6 |
       Dungeon |   6354 |   6178 |    176 |      0 |   5076 |   7 |  907.7 |
        Temple |    154 |    140 |     14 |      0 |    107 |   1 |  154.0 |
               +--------+--------+--------+--------+--------+-----+--------+

Top non-repeatable levels by time:
     D:6: 1303 daAuts
     D:2: 1096 daAuts
     D:4: 1039 daAuts
     D:5: 955 daAuts
     D:3: 790 daAuts
     D:1: 768 daAuts
     D:7: 401 daAuts
  Temple: 154 daAuts
